 Dungeon Crawl Stone Soup version 0.20.1-1-g8b1a95d (webtiles) character file.

161 n0claF the Magician (level 5, -2/28 HPs)
             Began as a Deep Elf Air Elementalist on Nov 1, 2017.
             Slain by pTCGFNYNwU3Fd6TS's ghost (11 damage)
             ... on level 3 of the Dungeon.
             The game lasted 00:12:12 (3636 turns).

n0claF the Magician (Deep Elf Air Elementalist)     Turns: 3636, Time: 00:12:13

Health: -2/28      AC:  3    Str:  5      XL:     5   Next: 19%
Magic:  0/13       EV: 14    Int: 21      God:
Gold:   193        SH:  0    Dex: 14 (15) Spells: 1/12 levels left

rFire    + . .     SeeInvis .   k - +2 dagger (elec)
rCold    . . .     Gourm    .   (no shield)
rNeg     . . .     Faith    .   a - +0 robe
rPois    .         Spirit   .   (no helmet)
rElec    .         Reflect  .   (no cloak)
rCorr    .         Harm     .   (no gloves)
MR       +....     Clarity  +   (no boots)
Stlth    ++........             (no amulet)
Regen    0.1/turn               e - ring of protection from fire
MPRegen  0.2/turn               (no ring)

@: sluggish, very slow
A: rugged brown scales 1, clarity, deterioration 1, magic resistance 1
a: no special abilities


You were on level 3 of the Dungeon.
You were hungry.

You visited 1 branch of the dungeon, and saw 3 of its levels.

You collected 193 gold pieces.

Inventory:

Hand Weapons
 k - a +2 dagger of electrocution (weapon)
Armour
 a - a +0 robe (worn)
Jewellery
 e - a ring of protection from fire (left hand)
 f - a cursed ring of loudness {unknown}
 j - an uncursed amulet of the gourmand {unknown}
Scrolls
 d - 3 scrolls of identify {unknown}
 g - a scroll of amnesia {unknown}
 i - 2 scrolls of remove curse {unknown}
 l - a scroll of enchant weapon {unknown}
 o - 2 scrolls of teleportation {unknown}
 s - a scroll of fog {unknown}
 u - a scroll of immolation {unknown}
Potions
 h - 2 potions of lignification
 n - a potion of brilliance
 r - a potion of degeneration {unknown}
 t - a potion of flight
 v - a potion of magic {unknown}
Books
 b - a book of Air

   Spells                             Type                      Level
   a - Shock                          Conjuration/Air              1
   b - Swiftness                      Charms/Air                   2
   c - Static Discharge               Conjuration/Air              3
   d - Airstrike                      Air                          4
   e - Lightning Bolt                 Conjuration/Air              5
Comestibles
 c - 5 bread rations
 m - 2 royal jellies
 p - a meat ration
 q - 2 fruits


   Skills:
 + Level 3.9 Dodging
 - Level 2.4 Stealth
 + Level 4.2 Spellcasting
 + Level 2.5 Conjurations
 + Level 4.1 Air Magic


You had one spell level left.
You knew the following spells:

 Your Spells              Type           Power        Failure   Level  Hunger
a - Shock                 Conj/Air       ###.         3%          1    None
b - Swiftness             Chrm/Air       ##......     8%          2    #......
c - Static Discharge      Conj/Air       ###.....     9%          3    ###....
d - Lightning Bolt        Conj/Air       ###.......   63%         5    ######.


Dungeon Overview and Level Annotations

Branches:
Dungeon (3/15)

Altars:
Elyvilon

Annotations:
D:3 pTCGFNYNwU3Fd6TS's ghost, amateur TrFi


Innate Abilities, Weirdness & Mutations

You are partially covered in rugged brown scales. (AC +1, +3% HP)
You possess an exceptional clarity of mind.
Your body sometimes deteriorates upon taking damage.
You are resistant to hostile enchantments. (MR+)


Message History

The zap hits pTCGFNYNwU3Fd6TS's ghost.
PTCGFNYNwU3Fd6TS's ghost is heavily damaged.
PTCGFNYNwU3Fd6TS's ghost closely misses you.
Casting: Shock
Confirm with . or Enter, or press ? or * to list all spells.
Aiming: Shock
Press: ? - help, Shift-Dir - straight line, f/p - pTCGFNYNwU3Fd6TS's ghost
Aim: pTCGFNYNwU3Fd6TS's ghost (heavily damaged)
The zap hits pTCGFNYNwU3Fd6TS's ghost.
PTCGFNYNwU3Fd6TS's ghost is heavily damaged.
PTCGFNYNwU3Fd6TS's ghost hits you.
Casting: Shock
Confirm with . or Enter, or press ? or * to list all spells.
Aiming: Shock
Press: ? - help, Shift-Dir - straight line, f/p - pTCGFNYNwU3Fd6TS's ghost
Aim: pTCGFNYNwU3Fd6TS's ghost (heavily damaged)
The zap hits pTCGFNYNwU3Fd6TS's ghost.
PTCGFNYNwU3Fd6TS's ghost is severely damaged.
PTCGFNYNwU3Fd6TS's ghost hits you!
You die...

+#####...# ... #...#
###..# #...######.#
.....# ..###..........#
.....##
........##########.......
.........................
.........########........
.....###......W.#.# .....
#..#####@#.# ##†..
#..#<..#.#.####### #.
#..#)....#........ #..
#....#####........
...#....#.#....).......
...######(#.##.........
.....†....#W##.........
.....†.)###.##.........
..........#.##.####...#


You could see pTCGFNYNwU3Fd6TS's ghost.

Vanquished Creatures
  Jessica (D:3)
  Robin (D:2)
  2 adders (D:2)
  An ooze (D:3)
  5 worms
  2 dart slugs
  7 bats
  5 giant cockroaches
  12 goblins
  8 hobgoblins
  10 jackals
  A quokka (D:2)
  7 frilled lizards
  11 kobolds
  4 rats
77 creatures vanquished.

Notes
Turn   | Place    | Note
-------+----------+-------------------------------------------
     0 | D:1      | n0claF the Deep Elf Air Elementalist began the quest for the Orb.
     0 | D:1      | Reached XP level 1. HP: 10/10 MP: 6/6
   131 | D:1      | Reached XP level 2. HP: 15/15 MP: 5/8
   136 | D:1      | Learned a level 2 spell: Swiftness
   750 | D:1      | Reached XP level 3. HP: 19/19 MP: 7/9
  1448 | D:2      | Found a white marble altar of Elyvilon.
  1472 | D:2      | Learned a level 3 spell: Static Discharge
  2126 | D:2      | Reached XP level 4. HP: 5/24 MP: 2/11
  2129 | D:2      | Gained mutation: Your body sometimes deteriorates upon taking damage. [potion of mutation]
  2129 | D:2      | Gained mutation: You are resistant to hostile enchantments. (MR+) [potion of mutation]
  2129 | D:2      | Gained mutation: You are partially covered in rugged brown scales. (AC +1, +3% HP) [potion of mutation]
  2129 | D:2      | Gained mutation: You possess an exceptional clarity of mind. [potion of mutation]
  2145 | D:2      | HP: 1/24 [poisoned by an adder]
  2446 | D:2      | Noticed Robin
  2464 | D:2      | Killed Robin
  3128 | D:3      | Noticed Jessica
  3130 | D:3      | Killed Jessica
  3142 | D:3      | Reached XP level 5. HP: 28/28 MP: 4/13
  3149 | D:3      | Learned a level 5 spell: Lightning Bolt
  3532 | D:3      | Noticed pTCGFNYNwU3Fd6TS's ghost (amateur TrFi)
  3636 | D:3      | Slain by pTCGFNYNwU3Fd6TS's ghost

Skill      XL: |  1  2  3  4 |
---------------+-------------+-----
Dodging        | 3 |  3.9
Conjurations   | 2 |  2.5
Air Magic      | 4 |  4.1
Spellcasting   | 4 |  4.2
Stealth        | |  2.4

Action                   |  1- 3 |  4- 6 || total
-------------------------+-------+-------++-------
Melee: Dagger            |    20 |     7 ||    27
 Cast: Shock             |    97 |    85 ||   182
       Static Discharge  |     2 |     4 ||     6
       Swiftness         |       |     2 ||     2
  Use: Potion            |       |     6 ||     6
 Stab: Sleeping          |     1 |       ||     1
  Eat: Chunk             |     3 |     3 ||     6
       Fruit             |       |     2 ||     2
Armor: Robe              |     6 |     2 ||     8
Dodge: Dodged            |    18 |    13 ||    31
